 Dungeon Crawl Stone Soup version 0.26-a0-818-g75db068ed4 (console) character file.

Game seed: 8338564832272079828

37722 jejorda2 the Severer (level 13, -8/112 HPs)
             Began as a Palentonga Berserker on Nov 14, 2020.
             Was the Champion of Trog.
             Mangled by a komodo dragon (67 damage)
             ... on level 4 of the Lair of Beasts.
             The game lasted 00:48:38 (13687 turns).

jejorda2 the Severer (Palentonga Berserker)        Turns: 13687, Time: 00:48:39

Health: -8/112     AC: 35    Str: 24    XL:     13   Next: 59%
Magic:  13/13      EV: 14    Int:  7    God:    Trog [******]
Gold:   1813       SH:  0    Dex: 12    Spells: 12/12 levels left

rFire    + + +     SeeInvis +   a - +8 mithril axe "Arga" {speed, MR+}
rCold    + + .     Faith    +   U - +2 shield of Resistance {rF++ rC++ MR++}
rNeg     . . .     Spirit   .   i - +11 plate armour "Kaugeino" {rF+ MR- Slay+2}
rPois    +         Reflect  .   V - +2 hat {MR+}
rElec    .         Harm     .   C - +2 cloak {rPois}
rCorr    .         Rampage  .   K - +0 pair of gloves
MR       +++++                  (no barding)
Stlth    ..........             e - amulet of faith
HPRegen  1.28/turn              c - +4 ring of evasion
MPRegen  0.13/turn              R - +4 ring of evasion

@: sleeping, regenerating, curled up, very slow
A: large, rugged brown scales 3, see invisible, deformed body, roll 1, armoured
tail, reflexive curl
a: Rolling Charge, Berserk, Trog's Hand, Brothers in Arms, Renounce Religion


You were on level 4 of the Lair of Beasts.
You worshipped Trog.
Trog was exalted by your worship.
You visited 2 branches of the dungeon, and saw 15 of its levels.
You also visited: Sewer and Ossuary.

You collected 1837 gold pieces.
You spent 24 gold pieces at shops.

Inventory:

Hand Weapons
 a - the +8 mithril axe "Arga" (weapon) {speed, MR+}
   (You acquired it on level 5 of the Dungeon)

   Attacks with this weapon are significantly faster.
   It affects your resistance to hostile enchantments.
 b - a +1 broad axe of flaming
 w - the +7 broad axe of Menky {antimagic, rPois Str+5}
   (Trog gifted it to you on level 10 of the Dungeon)

   It reduces the magical energy of the wielder, and disrupts the spells and
   magical abilities of those hit.
   Natural abilities and divine invocations are not affected.
   It affects your strength (+5).
   It protects you from poison.
Missiles
 m - 55 poisoned darts
 n - 3 throwing nets
 p - 2 curare-tipped darts
 s - 6 atropa-tipped darts
 z - 9 boomerangs (quivered)
 P - 6 javelins
Armour
 i - the +11 plate armour "Kaugeino" (worn) {rF+ MR- Slay+2}
   (You acquired it on level 5 of the Dungeon)

   It affects your accuracy and damage with ranged weapons and melee attacks
   (+2).
   It protects you from fire.
   It affects your resistance to hostile enchantments.
 C - a +2 cloak of poison resistance (worn)
 K - a +0 pair of gloves (worn)
 U - the +2 shield of Resistance (worn) {rF++ rC++ MR++}
   (You found it on level 9 of the Dungeon)

   It greatly protects you from fire.
   It greatly protects you from cold.
   It affects your resistance to hostile enchantments.
 V - a +2 hat of magic resistance (worn)
Jewellery
 c - a +4 ring of evasion (left hand)
 e - an amulet of faith (around neck)
 R - a +4 ring of evasion (right hand)
 T - the ring of Understanding {Ice rElec}
   (You found it on level 9 of the Dungeon)

   [ring of ice]

   It enhances your ice magic.
   It makes you vulnerable to fire.
   It protects you from cold.
   It insulates you from electricity.
Wands
 l - a wand of enslavement (10)
 o - a wand of random effects (53)
 t - a wand of iceblast (17)
 x - a wand of polymorph (25)
 H - a wand of paralysis (15)
 Q - a wand of flame (48)
 S - a wand of disintegration (18)
Scrolls
 y - 10 scrolls of teleportation
 B - 4 scrolls of magic mapping
 D - 5 scrolls of remove curse
 E - 5 scrolls of fear
 F - 4 scrolls of blinking
 G - 10 scrolls of identify
 I - 2 scrolls of immolation
 J - 2 scrolls of summoning
 O - 2 scrolls of enchant weapon
Potions
 d - 5 potions of mutation
 f - 6 potions of curing
 g - 5 potions of haste
 h - 5 potions of magic
 j - 2 potions of attraction
 k - 3 potions of resistance
 q - 2 potions of invisibility
 r - 2 potions of flight
 u - 4 potions of lignification
 A - 4 potions of might
 L - 3 potions of heal wounds
 M - a potion of cancellation
Miscellaneous
 v - a phial of floods (inert)


   Skills:
 - Level 7.0 Fighting
 * Level 17.1 Axes
 + Level 7.2 Armour
 - Level 3.0 Dodging
 - Level 9.0 Shields
 - Level 3.0 Evocations


You had 12 spell levels left.
You didn't know any spells.
Your spell library was empty.

Dungeon Overview and Level Annotations

Branches:
Dungeon (11/15)            Temple (0/1) D:5            Lair (4/6) D:8
  Swamp (0/4) Lair:3        Snake (0/4) Lair:3          Orc (0/2) D:9
  Sewer (visited)         Ossuary (visited)

Altars:
Ashenzari
Fedhas
Gozag
Kikubaaqudgha
Makhleb
Okawaru
Qazlal
Sif Muna
The Shining One

Shops:
D:8 *   D:9 ?[=

Annotations:
D:9 3 runed translucent doors, Demosthentine's ghost, journeyman FoFi
Lair:4 2 transporters


Innate Abilities, Weirdness & Mutations

You are completely covered in rugged brown scales. (AC +3, +7% HP)
You have supernaturally acute eyesight. (SInv)
Armour fits poorly on your strangely shaped body.
You can roll at nearby foes to attack.
You have a long armoured tail.
You curl defensively after being hit.


Message History

The dream sheep is almost dead.
The wave splashes down.
Splash!
You fall into the shallow water.
Moving in this stuff is going to be slow.
The dream sheep is engulfed in water. x2
You hear an angry growl.
You hear a loud, deep croak!
You hear a croak.
You block the dream sheep's attack.
Found 16 gold pieces.
Unknown command.
Unknown command.
Unknown command.
You slice the dream sheep!!
You kill the dream sheep!
Trog accepts your kill.
The dream sheep shake their wool and sparkle.
You feel drowsy...
You fall asleep.
The komodo dragon bites you!!!
Ouch! That really hurt!
You die...

.................#
..♣..♣.>.♣....>.♣#
...........#.^...♣ ##
............#.♣.## ##..
##.#...♣..####### #....
##.......## #####....#
........## ##.....#.##
...♣....# ########.........#
......### #@lY#...D##.......
.....### ###FlY..##........
...##.P# #w#.≈....#.†......
###.#.## #≈###.............
##### #B# #........##..#
#....#### $.. ##F......# .#.
........##.#.#.##......## ##
##........#.#.#.##.....†#
###.........#.#.#.##......##


You could see a boulder beetle, a torpor snail, 2 komodo dragons, a blink frog
and 2 dream sheep.

Vanquished Creatures
  Gastronok (Lair:3)
  The ghost of dirtchan the Fighter, a journeyman OgDe of the Shining One (D:8)
  Josephine (D:10)
  Erolcha (D:10)
  4 hydras
  Harold (D:10)
  3 death yaks (Lair:3)
  4 two-headed ogres
  A catoblepas (D:11)
  2 bog bodies (Lair:3)
  2 ugly things (D:11)
  2 cyclopes (D:11)
  A black mamba (Lair:3)
  6 cane toads
  2 rime drakes
  10 komodo dragons
  A kobold demonologist (D:11)
  2 polar bears
  3 trolls
  2 hornets
  3 dream sheep (Lair:4)
  6 blink frogs (Lair:3)
  A shadow (D:9)
  4 wyverns
  3 wraiths (D:10)
  A vampire (D:9)
  2 basilisks
  21 yaks
  An acid dragon (D:11)
  3 nagas (Lair:3)
  14 water moccasins
  3 ice beasts
  7 black bears
  5 sky beasts
  A necrophage (D:9)
  4 orc warriors
  9 ogres
  2 phantoms
  5 wolves (Lair:4)
  2 centaurs (D:10)
  3 big kobolds (D:11)
  A gnoll sergeant (D:9)
  19 bullfrogs
  2 troll zombies (D:9)
  6 scorpions
  16 wights
  A howler monkey (D:6)
  A bullfrog zombie (D:6)
  A quasit (D:11)
  A centaur zombie (Ossuary)
  11 hounds
  2 jellies (D:5)
  2 bullfrog skeletons
  5 orc priests
  13 orc wizards
  A centaur skeleton (D:10)
  6 worker ants
  Ijyb (D:3)
  6 iguanas
  3 ogre zombies (D:9)
  A big kobold zombie (Ossuary)
  3 hound skeletons
  2 mummies (Ossuary)
  A worker ant zombie (D:9)
  7 gnolls
  13 adders
  A howler monkey skeleton (D:4)
  4 white imps
  An ufetubus (D:9)
  6 oozes
  2 adder skeletons
  7 adder zombies (Ossuary)
  12 worms
  7 leopard geckos
  48 orcs
  5 giant cockroaches
  7 goblins
  6 hobgoblins
  14 jackals
  5 quokkas
  2 ball pythons
  13 bats
  4 frilled lizards
  A goblin skeleton (D:9)
  4 goblin zombies (D:9)
  11 hobgoblin zombies
  21 kobolds
  9 kobold zombies (Ossuary)
  5 orc skeletons (D:9)
  19 orc zombies
  A quokka zombie (D:10)
  11 rats
  A rat zombie (Ossuary)
502 creatures vanquished.

Vanquished Creatures (collateral kills)
  A deep elf mage (D:9)
  A hornet (D:9)
  A yak (D:9)
  2 centaurs (D:9)
  A bullfrog (D:9)
  A troll zombie (D:9)
  2 ogre zombies (D:9)
  An ufetubus (D:9)
  An orc skeleton (D:9)
  An orc zombie (D:9)
12 creatures vanquished.

Vanquished Creatures (others)
  An orc (D:10)
  61 fungi
  63 plants
125 creatures vanquished.

Grand Total: 639 creatures vanquished

Notes
Turn   | Place    | Note
-------+----------+-------------------------------------------
     0 | D:1      | jejorda2 the Palentonga Berserker began the quest for the
                  | Orb.
     0 | D:1      | Reached XP level 1. HP: 20/20 MP: 1/1
   186 | D:1      | Reached XP level 2. HP: 10/27 MP: 2/2
   857 | D:2      | Found a broken altar of Ashenzari.
   969 | D:2      | Reached skill level 1 in Shields
   969 | D:2      | Reached XP level 3. HP: 32/33 MP: 3/3
  1036 | D:2      | Reached skill level 4 in Axes
  1124 | D:2      | Reached ** piety under Trog
  1336 | D:2      | Reached XP level 4. HP: 40/40 MP: 4/4
  1755 | D:3      | Noticed Ijyb
  1764 | D:3      | Killed Ijyb
  1855 | D:3      | Reached skill level 5 in Axes
  1919 | D:3      | Reached XP level 5. HP: 45/48 MP: 5/5
  2224 | D:3      | Reached *** piety under Trog
  2304 | D:4      | Noticed a phantom
  2307 | D:4      | Found a sand-covered staircase.
  2315 | Ossuary  | Entered an ossuary
  2406 | Ossuary  | Reached XP level 6. HP: 54/54 MP: 6/6
  2408 | Ossuary  | Reached skill level 6 in Axes
  2411 | Ossuary  | Reached **** piety under Trog
  2561 | D:4      | Reached skill level 7 in Axes
  2714 | D:4      | Found a glowing golden altar of the Shining One.
  2842 | D:4      | Gained mutation: You curl defensively after being hit.
                  | [Palentonga growth]
  2842 | D:4      | Reached XP level 7. HP: 60/60 MP: 7/7
  3196 | D:5      | Entered Level 5 of the Dungeon
  3202 | D:5      | Reached skill level 8 in Axes
  3370 | D:5      | Found a staircase to the Ecumenical Temple.
  3581 | D:5      | Found an ancient bone altar of Kikubaaqudgha.
  3948 | D:5      | Noticed a water elemental
  3949 | D:5      | Found a stormy altar of Qazlal.
  3951 | D:5      | Noticed an air elemental
  3951 | D:5      | Noticed a fire elemental
  3973 | D:5      | Reached skill level 9 in Axes
  3973 | D:5      | Reached XP level 8. HP: 67/67 MP: 8/8
  4029 | D:5      | Identified 2 scrolls of acquirement
  4029 | D:5      | Acquired the +8 mithril axe "Arga" {speed, MR+}
  4030 | D:5      | Found the +8 mithril axe "Arga" {speed, MR+}
  4032 | D:5      | Acquired the +11 plate armour "Kaugeino" {rF+ MR- Slay+2}
  4129 | D:6      | Found a glowing drain.
  4133 | Sewer    | Entered a sewer
  4137 | Sewer    | Reached ***** piety under Trog
  4997 | D:6      | Acquired 1025 gold pieces
  4998 | D:6      | Acquired a +1 cloak of poison resistance
  5009 | D:6      | Acquired a +1 broad axe of flaming
  5051 | D:6      | Reached skill level 10 in Axes
  5190 | D:6      | Found a shimmering blue altar of Sif Muna.
  5435 | D:7      | Reached skill level 5 in Fighting
  5447 | D:7      | Found an opulent altar of Gozag.
  5554 | D:7      | Reached XP level 9. HP: 79/79 MP: 9/9
  5737 | D:7      | Reached skill level 11 in Axes
  5879 | D:7      | Found a burning altar of Makhleb.
  6046 | D:8      | Received a gift from Trog
  6260 | D:8      | Found a runed translucent gate.
  6260 | D:8      | Found a runed translucent gate.
  6261 | D:8      | Found a runed translucent gate.
  6261 | D:8      | Noticed dirtchan's ghost (journeyman OgDe)
  6268 | D:8      | Killed dirtchan's ghost
  6269 | D:8      | Reached skill level 12 in Axes
  6404 | D:8      | Found a staircase to the Lair.
  6406 | D:8      | Noticed a komodo dragon
  6413 | D:8      | Killed a komodo dragon
  6414 | D:8      | Reached XP level 10. HP: 75/92 MP: 10/10
  6516 | D:8      | Found Asoyghoh's Assorted Antiques.
  6525 | D:8      | Bought a scroll labelled POQEET QITIMEGO for 24 gold pieces
  6946 | D:9      | Found an iron altar of Okawaru.
  7002 | D:9      | Reached skill level 13 in Axes
  7061 | D:9      | Noticed a deep elf mage
  7061 | D:9      | Noticed a two-headed ogre
  7062 | D:9      | Found the +2 shield of Resistance {rF++ rC++ MR++}
  7066 | D:9      | Killed a deep elf mage
  7067 | D:9      | Reached skill level 1 in Evocations
  7086 | D:9      | Killed a two-headed ogre
  7088 | D:9      | Received a gift from Trog
  7100 | D:9      | Got a crude turquoise ring
  7233 | D:9      | Found Ithiurota's Jewellery Shoppe.
  7380 | D:9      | Found Daucsah's Armour Boutique.
  7419 | D:9      | Found Qunes's Magic Scroll Shoppe.
  7492 | D:9      | Reached XP level 11. HP: 98/98 MP: 11/11
  7510 | D:9      | Found a staircase to the Orcish Mines.
  7698 | D:9      | Noticed a necromancer
  7701 | D:9      | Noticed a centaur warrior
  7702 | D:9      | Noticed Demosthentine's ghost (journeyman FoFi)
  7708 | D:9      | Found a runed translucent gate.
  7708 | D:9      | Found a runed translucent gate.
  7708 | D:9      | Found a runed translucent gate.
  7885 | D:10     | Entered Level 10 of the Dungeon
  7955 | D:10     | Reached ****** piety under Trog
  7973 | D:10     | Noticed a two-headed ogre
  7983 | D:10     | Killed a two-headed ogre
  8001 | D:10     | Noticed Erolcha
  8011 | D:10     | Killed Erolcha
  8012 | D:10     | Reached skill level 14 in Axes
  8012 | D:10     | Reached skill level 5 in Shields
  8036 | D:10     | Identified the ring of Understanding {Ice rElec} (You found
                  | it on level 9 of the Dungeon)
  8126 | D:10     | Received a gift from Trog
  8130 | D:10     | Noticed Josephine
  8136 | D:10     | Killed Josephine
  8147 | D:10     | Got a crude broad axe {god gift}
  8147 | D:10     | Identified the +7 broad axe of Menky {antimagic, rPois
                  | Str+5} (Trog gifted it to you on level 10 of the Dungeon)
  8393 | D:10     | Noticed Harold
  8404 | D:10     | Killed Harold
  8652 | D:10     | Found a blossoming altar of Fedhas.
  9514 | D:11     | Noticed a two-headed ogre
  9518 | D:11     | Received a gift from Trog
  9519 | D:11     | Killed a two-headed ogre
  9520 | D:11     | Reached XP level 12. HP: 107/107 MP: 12/12
  9520 | D:11     | Noticed a catoblepas
  9543 | D:11     | Killed a catoblepas
  9818 | D:11     | Noticed a two-headed ogre
  9824 | D:11     | Noticed an eight-headed hydra
  9827 | D:11     | Killed a two-headed ogre
  9832 | D:11     | Killed a five-headed hydra
 10618 | Lair:1   | Entered Level 1 of the Lair of Beasts
 10657 | Lair:1   | Reached skill level 15 in Axes
 11650 | Lair:2   | Reached skill level 5 in Armour
 12373 | Lair:3   | Found a staircase to the Snake Pit.
 12442 | Lair:3   | Received a gift from Trog
 12504 | Lair:3   | Reached skill level 16 in Axes
 12507 | Lair:3   | Reached XP level 13. HP: 112/112 MP: 13/13
 12629 | Lair:3   | Noticed Gastronok
 12641 | Lair:3   | Killed Gastronok
 12883 | Lair:3   | Found a staircase to the Swamp.
 13615 | Lair:4   | Found a transporter.
 13628 | Lair:4   | Found a transporter.
 13642 | Lair:4   | Reached skill level 17 in Axes
 13687 | Lair:4   | Mangled by a komodo dragon

Illustrated notes

Levels and vault maps discovered:
D:1:      eino_arrival_water_cross, layout_basic
D:2:      layout_loops_ring, nicolae_ashenzari_panopticon
D:3:      layout_basic, uniq_ijyb
D:4:      layout_basic, lightli_ossuary_entry_decrepit_ruins,
          minmay_tree_intersection, lemuel_tele_altar
D:5:      layout_rooms, overflow_temple_1_default,
          nicolae_qazlal_style_of_elements, temple_statues
D:6:      layout_loops_cross, nicolae_overflow_hidden_temple,
          gup_sewer_entry_bowl
D:7:      layout_loops_ring, lemuel_round_altar, makhleb_heckhound_becter
D:8:      layout_basic, due_lair_maze_entry_diamond, serial_shops, shop,
          ebering_ghost_rock_garden
D:9:      minmay_the_grid_triangle_9x9_recursive_2_mashed
          [minmay_the_grid_triangle_9x9_prize_insulated,
          minmay_the_grid_triangle_9x9_pentomino_pain,
          minmay_the_grid_triangle_9x9_odd_lines,
          minmay_the_grid_triangle_9x9_cache], layout_irregular_city,
          kennysheep_okawaru_gauntlet, zombieorc2_lemuel, serial_shops, shop,
          kennysheep_mini_moat, nicolae_shop_behind_doors, gammafunk_ghost_split
D:10:     layout_cave_pods, fedhas_altar_1, uniq_josephine, uniq_erolcha,
          uniq_harold
D:11:     layout_roguey
Lair:1:   layout_chaotic_city, minivault_19
Lair:2:   layout_long_grid, grunt_megastairs_2
Lair:3:   layout_cave_pods, skrybe_swamp_entry_bodies,
          guppyfry_snake_entry_garden, chequers_serial_rivers_small_a,
          lemuel_fruit_tree, grunt_megastairs_1, uniq_gastronok
Lair:4:   gammafunk_boulding_lane, layout_cave_pods, st_stairs_6,
          beast_lair_carwin_1, grunt_megastairs_3

Skill      XL: |  1  2  3  4  5  6  7  8  9 10 11 12 13 |
---------------+----------------------------------------+-----
Shields        | 1 2 3 7 9 |  9.0
Axes           | 4 5 7 9 10 12 13 14 16 17 | 17.1
Fighting       | 5 7 |  7.0
Armour         | 2 4 5 7 |  7.2
Evocations     | 3 |  3.0
Dodging        | 3 |  3.0

Action                   |  1- 3 |  4- 6 |  7- 9 | 10-12 | 13-15 || total
-------------------------+-------+-------+-------+-------+-------++-------
Melee: Hand axe          |    97 |    85 |       |       |       ||   182
       Tailslap          |     9 |    25 |    40 |    61 |    21 ||   156
       War axe           |       |    89 |    76 |       |       ||   165
       Broad axe         |       |       |   150 |   473 |   100 ||   723
Invok: Berserk           |     2 |     4 |     4 |     4 |     1 ||    15
       Trog's Hand       |       |     1 |       |     2 |     1 ||     4
       Brothers in Arms  |       |       |     1 |     3 |       ||     4
 Abil: Rolling Charge    |    16 |    32 |    31 |    72 |    14 ||   165
Evoke: Wand              |       |       |       |     3 |       ||     3
       Phial of floods   |       |       |       |       |     1 ||     1
  Use: Scroll            |       |     6 |    18 |     9 |       ||    33
       Potion            |       |       |     3 |       |       ||     3
 Stab: Distracted        |       |       |       |     1 |       ||     1
Armor: Animal skin       |     8 |       |       |       |       ||     8
       Ring mail         |    18 |     8 |       |       |       ||    26
       Plate armour      |       |    88 |    91 |   136 |    30 ||   345
Dodge: Dodged            |    51 |    64 |    69 |    88 |    32 ||   304
Block: Buckler           |     6 |    29 |    28 |    14 |       ||    77
       Kite shield       |       |       |       |   159 |    35 ||   194

Table legend: (Time is in decaauts)
 A = Elapsed time spent in this place.
 B = Non-inter-level travel time spent in this place.
 C = Inter-level travel time spent in this place.
 D = Time resting spent in this place.
 E = Time spent auto-exploring this place.
 F = Levels seen in this place.
 G = Mean time per level.
                   A        B        C        D        E       F      G
               +--------+--------+--------+--------+--------+-----+--------+
         Total |  13781 |  13219 |    562 |   1187 |   9718 |  17 |  810.6 |
       Dungeon |   9931 |   9431 |    500 |   1182 |   6635 |  11 |  902.8 |
          Lair |   2995 |   2933 |     62 |      0 |   2570 |   4 |  748.8 |
         Sewer |    616 |    616 |      0 |      0 |    406 |   1 |  616.0 |
       Ossuary |    238 |    238 |      0 |      4 |    106 |   1 |  238.0 |
               +--------+--------+--------+--------+--------+-----+--------+

Top non-repeatable levels by time:
    D:11: 1531 daAuts
    D:10: 1112 daAuts
     D:9: 1012 daAuts
  Lair:3: 987 daAuts
     D:8: 889 daAuts
  Lair:2: 879 daAuts
     D:1: 873 daAuts
     D:2: 823 daAuts
     D:5: 819 daAuts
     D:6: 811 daAuts
     D:4: 781 daAuts
  Lair:1: 715 daAuts
     D:3: 664 daAuts
   Sewer: 616 daAuts
     D:7: 610 daAuts
